 Dungeon Crawl Stone Soup version 0.29-a0-194-g6e3aafee17 (webtiles) character file.

Game seed: 15885837654454914879

8 Zeldest the Ducker (level 2, 14/14 HPs)
             Began as a Felid Monk on Feb 22, 2022.
             Was an Initiate of Ashenzari.
             Quit the game on level 1 of the Dungeon.
             The game lasted 00:00:24 (176 turns).

Zeldest the Ducker (Felid Monk)                      Turns: 176, Time: 00:00:25

Health: 14/14      AC:  1    Str:  7    XL:     2   Next: 0%
Magic:  3/3        EV: 19    Int: 11    God:    Ashenzari [......]
Gold:   0          SH:  0    Dex: 18    Spells: 1/1 levels left
                                        Lives:  0   Deaths: 0

rFire   . . .      SeeInvis +     - Unarmed
rCold   . . .      Faith    .   (shield unavailable)
rNeg    . . .      Spirit   .   (body armour unavailable)
rPois   .          Reflect  .   (helmet unavailable)
rElec   .          Harm     .   (cloak unavailable)
rCorr   .          Rampage  .   (gloves unavailable)
Will    .....                   (boots unavailable)
Stlth   ++........              (no amulet)
HPRegen 0.04/turn               (no ring)
MPRegen 0.08/turn               (no ring)

@: quick
A: very small, claws 1, fangs 3, see invisible, speed 1, shaggy fur 1, stealthy
paws, no weapons or thrown items, no armour, multi-lived
a: Renounce Religion, Curse Item


You were on level 1 of the Dungeon.
You worshipped Ashenzari.
Ashenzari was noncommittal.
You visited 1 branch of the dungeon, and saw 1 of its levels.

Inventory:

Potions
 a - a potion of haste {unknown}


   Skills:
 + Level 3.1 Fighting
 + Level 4.2 Dodging
 + Level 3.0 Stealth
 + Level 3.1 Unarmed Combat


You had one spell level left.
You didn't know any spells.
Your spell library was empty.

Dungeon Overview and Level Annotations

Branches:
Dungeon (1/15)

Altars:
Ashenzari


Innate Abilities, Weirdness & Mutations

You have sharp claws.
You have razor-sharp teeth.
You have supernaturally acute eyesight. (SInv)
You cover ground quickly. (Speed+)
You are covered in fur. (AC +1)
Your paws help you pounce on unaware monsters.
You are incapable of wielding weapons or throwing items.
You cannot wear armour.
You gain extra lives every three experience levels.


Message History

The goblin shouts!
Your Stealth skill increases to level 3!
A goblin is nearby!
A rat comes into view.
Found a faded altar of an unknown god.
You scratch the goblin.
You kill the goblin!
A rat is nearby!
You enter the shallow water.
Moving in this stuff is going to be slow.
A rat is nearby!
A rat is nearby!
You enter the shallow water.
Moving in this stuff is going to be slow.
You scratch the rat.
The rat is heavily wounded.
The rat misses you.
A rat is nearby!
Your unstable footing causes you to fumble your attack.
The rat barely misses you.
Your unstable footing causes you to fumble your attack.
The rat closely misses you.
You scratch the rat.
You kill the rat!
You have reached level 2!
Why would you want to do that?
Found 13 gold pieces. 2 bats come into view.
The bat closely misses you.
Found a ring mail.
The bat completely misses you. x2
A kobold comes into view. It is wielding a +0 club.
Found a bubbling inky potion.
The bat completely misses you. The bat misses you.
There is a faded altar of an unknown god here.
You cannot tell which god this altar belongs to.
Convert to them anyway?
Ashenzari accepts your prayer! Ashenzari welcomes you!
Ashenzari invites you to partake of a vision and a curse of elements and alchemy.
Ashenzari warns you of distant threats and treasures.
Ashenzari reveals the structure of the dungeon to you.
Ashenzari shows you where magical portals lie.
Are you sure you want to abandon this character and quit the game? (Confirm with "yes".)

..... ...##.......#
#######..####.###....###
#≈≈≈.≈.≈≈≈..≈.)......#
#≈.≈≈.....†≈.≈....$#.##
#..≈≈≈≈≈b≈≈≈..#.......#
#!≈≈≈≈≈≈≈≈≈≈≈.#.#####.#
#.≈≈≈≈≈≈≈≈≈≈..†.# ..?
#≈.≈≈≈≈♣≈≈≈≈....# ...
#.≈≈≈≈.@.≈≈≈≈.#.# .##
#K.≈≈≈≈♣.≈≈≈....#
#..≈≈≈≈≈≈≈≈≈≈.....
#..≈≈≈≈≈≈≈≈≈.....#
#.≈≈≈≈≈≈≈≈≈≈.≈.##.#
#.≈≈..≈≈..≈.≈$.# #.
#≈≈≈≈≈.≈.≈.b..#..
###.########.##.# #. .[


You could see 2 bats and a kobold (asleep).

Vanquished Creatures
  2 ball pythons (D:1)
  A bat (D:1)
  An endoplasm (D:1)
  A goblin (D:1)
  A frilled lizard (D:1)
  2 rats (D:1)
8 creatures vanquished.

Notes
Turn   | Place    | Note
-------+----------+-------------------------------------------
     0 | D:1      | Zeldest the Felid Monk began the quest for the Orb.
     0 | D:1      | Reached XP level 1. HP: 10/10 MP: 2/2
   158 | D:1      | Found a faded altar of an unknown god.
   167 | D:1      | Reached XP level 2. HP: 14/14 MP: 3/3
   175 | D:1      | Prayed at the altar of an unknown god.
   175 | D:1      | Became a worshipper of Ashenzari the Shackled
   176 | D:1      | Quit the game

Illustrated notes

Levels and vault maps discovered:
D:1:      minmay_arrival_three_doors, layout_loops_ring,
          chequers_ecumenical_altar_island, minmay_box_of_dots

Skill      XL: |  1 |
---------------+----+-----
Stealth        | 3 |  3.0
Fighting       | |  3.1
Dodging        | |  4.2
Unarmed Combat | |  3.1

Action                   || total
-------------------------++-------
Melee: Unarmed           ||    17
       Bite              ||     2
 Stab: Sleeping          ||     1
Armor: Skin              ||     2
Dodge: Dodged            ||    21

Table legend: (Time is in decaauts)
 A = Elapsed time spent in this place.
 B = Non-inter-level travel time spent in this place.
 C = Inter-level travel time spent in this place.
 D = Time resting spent in this place.
 E = Time spent auto-exploring this place.
 F = Levels seen in this place.
 G = Mean time per level.
                   A        B        C        D        E       F      G
               +--------+--------+--------+--------+--------+-----+--------+
         Total |    165 |    165 |      0 |     82 |     30 |   1 |  165.0 |
       Dungeon |    165 |    165 |      0 |     82 |     30 |   1 |  165.0 |
               +--------+--------+--------+--------+--------+-----+--------+

Top non-repeatable levels by time:
     D:1: 165 daAuts
